 Dungeon Crawl Stone Soup version 0.26.1-10-gdfb7c7de75 (webtiles) character file.

Game seed: 2620028802749439870

153 Chiseanne the Magician (level 5, 11/35 HPs)
             Began as a Demonspawn Hedge Wizard on Apr 9, 2021.
             Quit the game on level 4 of the Dungeon.
             The game lasted 00:04:27 (4682 turns).

Chiseanne the Magician (Demonspawn Hedge Wizard)    Turns: 4682, Time: 00:04:28

Health: 11/35      AC:  6    Str: 10    XL:     5   Next: 12%
Magic:  2/11       EV: 12    Int: 20    God:
Gold:   175        SH:  0    Dex: 13    Spells: 11/12 levels left

rFire    . . .     SeeInvis .   a - +1 short sword
rCold    . . .     Faith    .   (no shield)
rNeg     . . .     Spirit   .   b - +0 robe
rPois    .         Reflect  .   (helmet restricted)
rElec    .         Harm     .   (no cloak)
rCorr    .         Rampage  .   (no gloves)
Will     .....                  (no boots)
Stlth    ++........             (no amulet)
HPRegen  0.11/turn              f - +4 ring of protection
MPRegen  0.12/turn              (no ring)

@: mildly poisoned (11 -> 8)
A: antennae 1, big brain 2
a: no special abilities


You were on level 4 of the Dungeon.
You visited 1 branch of the dungeon, and saw 4 of its levels.

You collected 175 gold pieces.

Inventory:

Hand Weapons
 a - a +1 short sword (weapon)
 p - a cursed -3 quarterstaff
Missiles
 c - 4 javelins
 g - 93 arrows
 h - 49 sling bullets
 j - 110 stones
 k - 19 poisoned darts
Armour
 b - a +0 robe (worn)
 q - a +0 helmet
Jewellery
 f - a +4 ring of protection (left hand)
Scrolls
 d - 3 scrolls of identify
 i - 4 scrolls of remove curse
 l - a scroll of teleportation
Potions
 e - 3 potions of curing
 m - a potion of heal wounds
 r - a potion of flight


   Skills:
 - Level 1.7 Dodging
 - Level 1.7 Stealth
 * Level 4.4 Spellcasting
 * Level 3.5 Conjurations
 - Level 1.0 Summonings
 - Level 0.8 Translocations


You had 11 spell levels left.
You knew the following spells:

 Your Spells              Type           Power        Failure   Level
a - Magic Dart            Conj           72%          3%          1

Your spell library contained the following spells:

 Spells                   Type           Power        Failure   Level
 Call Imp                 Summ           8%           12%         2
 Blink                    Tloc           N/A          13%         2
 Slow                     Hex            4%           19%         2
 Conjure Flame            Conj/Fire      11%          19%         3
 Mephitic Cloud           Conj/Pois/Air  9%           22%         3


Dungeon Overview and Level Annotations

Branches:
Dungeon (4/15)
 Temple: D:4-7

Altars:
The Shining One

Annotations:
D:4 exclusion: lemure


Innate Abilities, Weirdness & Mutations

You have a pair of small antennae on your head.
You have an extremely huge brain. (Int +4)


Message History

Casting: Magic Dart (safe; 3% risk of failure)
Confirm with . or Enter, or press ? or * to list all spells.
Aiming: Magic Dart (safe; 3% risk of failure)
Press: ? - help, Shift-Dir - straight line, f/p - worker ant
Aim: a worker ant (almost dead, 0% to evade)
The magic dart hits the worker ant but does no damage.
The worker ant is almost dead.
You feel sick. The worker ant barely misses you.
Casting: Magic Dart (safe; 3% risk of failure)
Confirm with . or Enter, or press ? or * to list all spells.
Aiming: Magic Dart (safe; 3% risk of failure)
Press: ? - help, Shift-Dir - straight line, f/p - worker ant
Aim: a worker ant (almost dead, 0% to evade)
The magic dart hits the worker ant.
You kill the worker ant!
You have reached level 5!
Your demonic ancestry asserts itself...
A pair of antennae grows on your head!
Your +0 helmet falls away!
Are you sure you want to abandon this character and quit the game? (Confirm with "yes".)

#......># #.......#
#.......# ### #.
####.#### ...# #.
#.# .?[.##. #.#
...).#. #######.###
......? ..........#
....... #######@#.#
.......#########o#.#
#.....o...B.†.#.#
###.###########.#
#.. .# ...# .# .##.
.# .. .. # ##


You could see an orc priest.

Vanquished Creatures
  A worker ant (D:4)
  6 adders
  2 oozes (D:2)
  2 worms
  2 dart slugs (D:1)
  4 leopard geckos
  2 orcs
  2 bats (D:1)
  4 giant cockroaches
  7 hobgoblins
  A quokka (D:2)
  4 frilled lizards
  7 goblins
  6 kobolds
  5 rats
55 creatures vanquished.

Notes
Turn   | Place    | Note
-------+----------+-------------------------------------------
     0 | D:1      | Chiseanne the Demonspawn Hedge Wizard began the quest for
                  | the Orb.
     0 | D:1      | Reached XP level 1. HP: 13/13 MP: 4/4
   396 | D:1      | Gained mutation: You have an unusually large brain. (Int
                  | +2) [demonic ancestry]
   396 | D:1      | Reached XP level 2. HP: 7/19 MP: 0/6
  1252 | D:1      | Reached XP level 3. HP: 24/24 MP: 4/8
  3498 | D:2      | Gained mutation: You have an extremely huge brain. (Int +4)
                  | [demonic ancestry]
  3498 | D:2      | Reached XP level 4. HP: 30/30 MP: 4/9
  3597 | D:2      | Reached skill level 4 in Spellcasting
  4273 | D:3      | Found a glowing golden altar of the Shining One.
  4482 | D:4      | Noticed a lemure
  4682 | D:4      | Gained mutation: You have a pair of small antennae on your
                  | head. [demonic ancestry]
  4682 | D:4      | Reached XP level 5. HP: 11/35 MP: 2/11
  4682 | D:4      | Quit the game

Illustrated notes

Levels and vault maps discovered:
D:1:      onia_arrival_pentagram, layout_loops_ring,
          minmay_large_rounded_square, minmay_misc_feat_doors, eino_curves_03,
          chequers_serial_rivers_micro_c
D:2:      layout_basic
D:3:      layout_rooms, corexii_shack, tso_metal_star
D:4:      corexii_shack_village, layout_loops_ring, kennysheep_small_square,
          uniq_pikel

Skill      XL: |  1  2  3  4 |
---------------+-------------+-----
Conjurations   | 2 3 |  3.5
Spellcasting   | 4 |  4.4
Dodging        | |  1.7
Stealth        | |  1.7
Summonings     | |  1.0
Translocations | |  0.8

Action                   |  1- 3 |  4- 6 || total
-------------------------+-------+-------++-------
Melee: Dagger            |    22 |       ||    22
       Short sword       |     6 |       ||     6
 Cast: Magic Dart        |   111 |    66 ||   177
  Use: Scroll            |     3 |     8 ||    11
 Stab: Sleeping          |     1 |       ||     1
Armor: Robe              |    10 |     4 ||    14
Dodge: Dodged            |    28 |     6 ||    34
